 Dungeon Crawl Stone Soup version 0.17-a0-1635-gd4e48f1 (webtiles) character file.

524 ololoev the Conjurer (level 7, 28/50 HPs)
             Began as a Grey Draconian Air Elementalist on Aug 4, 2015.
             Quit the game on level 4 of the Dungeon.
             The game lasted 00:14:54 (3534 turns).

ololoev the Conjurer (DrAE)                         Turns: 3534, Time: 00:14:54

Health: 28/50      AC: 17    Str: 10    XL:     7   Next: 2%
Magic:  4/10       EV: 12    Int: 17    God:
Gold:   154        SH:  0    Dex: 12    Spells: 1 memorised, 10 levels left

rFire  . . .     SeeInvis .     a - +1 dagger (protect)
rCold  . . .     Clarity  .     (armour unavailable)
rNeg   . . .     SustAt   .     (no shield)
rPois  .         Gourm    .     (helmet restricted)
rElec  .         Spirit   .     (no cloak)
rCorr  .         Warding  .     (no gloves)
rMut   .         Stasis   .     u - +0 pair of boots
MR     +....                    g - amulet of rage
Stlth  ++........               (no ring)
                                d - ring of protection from magic

@: very slightly contaminated, somewhat resistant to hostile enchantments,
unstealthy
A: walk through water, unfitting armour, unbreathing, cold-blooded, AC +11
a: Evoke Berserk Rage


Innate Abilities, Weirdness & Mutations

You can walk through water.
Your dull iron-grey scales are very hard (AC +11).
Your body does not fit into most forms of armour.
You can survive without breathing.
You are cold-blooded and may be slowed by cold attacks.

Inventory:

Hand weapons
 a - a +1 dagger of protection (weapon)
Armour
 u - a +0 pair of boots (worn)
Jewellery
 d - a ring of protection from magic (left hand)
 g - an amulet of rage (around neck)
Magical devices
 s - a wand of flame (0)
Scrolls
 f - a scroll of recharging {unknown}
 k - a scroll of amnesia {unknown}
 l - 2 scrolls of enchant weapon {unknown}
 m - a scroll of teleportation {unknown}
 n - a scroll of remove curse {unknown}
 o - 3 scrolls of immolation {unknown}
 p - 4 scrolls of identify {unknown}
 q - a scroll of enchant armour {unknown}
Potions
 h - 2 potions of curing
 i - a potion of cancellation {unknown}
 x - a potion of berserk rage {unknown}
Books
 j - a book of Air

   Spells                             Type                      Level
   a - Shock                          Conjuration/Air              1
   b - Swiftness                      Charms/Air                   2
   c - Repel Missiles                 Charms/Air                   2
   d - Static Discharge               Conjuration/Air              3
   e - Lightning Bolt                 Conjuration/Air              5
Comestibles
 b - a bread ration
 c - a slice of pizza
 r - 4 fruits
 w - 3 chunks of flesh


   Skills:
 - Level 1.7 Dodging
 - Level 1.7 Stealth
 - Level 2.5 Spellcasting
 * Level 5.7 Conjurations
 + Level 4.3 Air Magic


You had 10 spell levels left.
You knew the following spells:

 Your Spells              Type           Power        Failure   Level  Hunger
a - Shock                 Conj/Air       ###.         2%          1    #......


You were on level 4 of the Dungeon.
You were not hungry.

You visited 1 branch of the dungeon, and saw 4 of its levels.

You collected 154 gold pieces.

# # #
##+##################
###..#......#...#......
#....#......+...#......
#....#......#...#......
#....#......#...'......
+....#@.....#...#......
#....)......#...#......
####+#......###+#......
#.....###'#...........
+.....#...+...........
#.....#...#...........
#.....#...#...........
#.....#...#...........
#.....#...###+##......

Notes
Turn   | Place    | Note
--------------------------------------------------------------
     0 | D:1      | ololoev the Draconian Air Elementalist began the quest for the Orb.
     0 | D:1      | Reached XP level 1. HP: 14/14 MP: 3/3
   306 | D:1      | Reached XP level 2. HP: 17/20 MP: 0/5
  1172 | D:1      | Reached XP level 3. HP: 26/26 MP: 1/6
  1586 | D:2      | Noticed Terence
  1658 | D:2      | Killed Terence
  1658 | D:2      | Reached XP level 4. HP: 15/33 MP: 0/7
  1778 | D:2      | Found a deep blue altar of Sif Muna.
  1833 | D:2      | Found a sacrificial altar of Ru.
  2024 | D:2      | Noticed Natasha
  2037 | D:2      | Killed Natasha
  2056 | D:2      | Noticed Natasha
  2167 | D:2      | Killed Natasha
  2245 | D:2      | Reached skill level 4 in Air Magic
  2449 | D:2      | Noticed Natasha
  2453 | D:2      | Reached XP level 5. HP: 38/38 MP: 4/8
  2461 | D:2      | Killed Natasha
  3233 | D:3      | Noticed urechis's ghost (average TrMo)
  3306 | D:4      | Noticed an ogre
  3319 | D:4      | Killed an ogre
  3319 | D:4      | Reached XP level 6. HP: 45/45 MP: 3/9
  3382 | D:4      | Noticed amplicon's ghost (average HEIE)
  3428 | D:4      | Killed amplicon's ghost
  3428 | D:4      | Reached skill level 5 in Conjurations
  3494 | D:4      | Reached skill level 5 in Air Magic
  3527 | D:4      | Noticed an ogre
  3533 | D:4      | Killed an ogre
  3533 | D:4      | Your scales start taking on a dull iron-grey colour.
  3533 | D:4      | Gained mutation: You can survive without breathing. [Grey Draconian growth]
  3533 | D:4      | Reached XP level 7. HP: 28/50 MP: 4/10
  3534 | D:4      | Quit the game

Dungeon Overview and Level Annotations

Branches:
Dungeon (4/15)
 Temple: D:4-7

Altars:
Ru
Sif Muna

Annotations:
D:3 urechis's ghost, average TrMo


Message History

Aim: an ogre, wielding a giant club (resting)
The zap hits the ogre.
The ogre is lightly wounded.
The ogre shouts!
Casting: Shock
Confirm with . or Enter, or press ? or * to list all spells.
Aiming: Shock
Press: ? - help, Shift-Dir - straight line, f/p - ogre
Aim: an ogre, wielding a giant club (lightly wounded)
The zap hits the ogre.
The ogre is moderately wounded.
Casting: Shock
Confirm with . or Enter, or press ? or * to list all spells.
Aiming: Shock
Press: ? - help, Shift-Dir - straight line, f/p - ogre
Aim: an ogre, wielding a giant club (moderately wounded)
The zap hits the ogre.
The ogre is heavily wounded.
Casting: Shock
Confirm with . or Enter, or press ? or * to list all spells.
Aiming: Shock
Press: ? - help, Shift-Dir - straight line, p - ogre The zap hits the ogre.
The ogre is heavily wounded.
The zap hits the ogre.
The ogre is severely wounded.
The ogre hits you with a giant club!!
Casting: Shock
Confirm with . or Enter, or press ? or * to list all spells.
Aiming: Shock
Press: ? - help, Shift-Dir - straight line The zap hits the ogre.
The ogre is almost dead.
The zap hits the ogre.
You kill the ogre!
You have reached level 7!
Your Air Magic skill decreases to level 4!
Your scales start taking on a dull iron-grey colour.
You feel breathless.
Are you sure you want to abandon this character and quit the game? (Confirm with "yes".)

There were no monsters in sight!

Vanquished Creatures
  The ghost of amplicon the Magician, an average HEIE (D:4)
  2 ogres (D:4)
  A hound (D:4)
  Terence (D:2)
  Natasha (thrice) (D:2)
  4 gnolls (D:3)
  4 adders
  2 oozes (D:1)
  4 worms (D:2)
  4 giant cockroaches
  6 goblins
  10 hobgoblins
  2 jackals (D:2)
  5 kobolds
  A quokka (D:3)
  3 ball pythons
  9 bats
  A giant gecko (D:1)
  4 giant newts
  3 rats
70 creatures vanquished.

Action                   |  1- 3 |  4- 6 |  7- 9 || total
-------------------------+-------+-------+-------++-------
Melee: Unarmed           |    35 |       |       ||    35
       Dagger            |    23 |    83 |       ||   106
 Cast: Shock             |    69 |    74 |     1 ||   144
Evoke: Wand              |       |     6 |       ||     6
  Use: Potion            |       |     5 |       ||     5
 Stab: Distracted        |       |     1 |       ||     1
       Invisible         |       |     1 |       ||     1
  Eat: Chunk             |     3 |     7 |       ||    10

Vault maps used:
D:1:      minmay_arrival_semitransparent
D:2:      led_sif_pool, nicolae_overflow_hidden_temple, uniq_terence,
          uniq_natasha
D:3:      forest_paths, grunt_dithmenos_smoke, uniq_sigmund
